 Dungeon Crawl Stone Soup version 0.25-a0-782-g655279ceaa (webtiles) character file.

Game seed: 11779609095371692290, levelgen mode: deterministic

447320 magipi the Severer (level 23, -10/179 HPs)
             Began as a Demonspawn Fighter on Apr 15, 2020.
             Was the Champion of Makhleb.
             Mangled by a caustic shrike simulacrum (17 damage)
             ... led by a necromancer
             ... on level 4 of the Depths on Apr 16, 2020.
             The game lasted 03:42:37 (57762 turns).

magipi the Severer (Demonspawn Fighter)            Turns: 57762, Time: 03:42:38

Health: -10/179    AC: 26    Str: 22    XL:     23   Next: 13%
Magic:  33/33      EV: 31    Int: 13    God:    Makhleb [******]
Gold:   3481       SH: 14    Dex: 20    Spells: 22/22 levels left

rFire    + + .     SeeInvis .   a - +4 broad axe (flame)
rCold    + + .     Gourm    .   u - +0 kite shield
rNeg     + . .     Faith    .   T - +4 scale mail of Ostanaas {rN+ Slay+3}
rPois    +         Spirit   .   D - +1 helmet
rElec    +         Reflect  .   K - +2 cloak {rC+}
rCorr    +         Harm     .   g - +2 pair of gloves {Dex+3}
MR       +++..                  (boots unavailable)
Stlth    +++.......             r - amulet "Duankoch" {rPois Regen+}
HPRegen  0.79/turn              v - +6 ring of evasion
MPRegen  0.23/turn              m - ring of the Mage {Wiz MR++ Int+3}

@: mighty, agile, resistant, very slightly contaminated, hasted, very quick
A: hooves 3, slimy green scales 2, fire resistance 1, nightstalker 3, powered by
pain 3, flame cloud immunity
}: 2/15 runes: decaying, gossamer
a: Minor Destruction, Lesser Servant of Makhleb, Major Destruction, Greater
Servant of Makhleb, Renounce Religion


You were on level 4 of the Depths.
You worshipped Makhleb.
Makhleb was exalted by your worship.
You were not hungry.

You visited 8 branches of the dungeon, and saw 43 of its levels.
You visited 1 bazaar.
You also visited: Gauntlet, Ice Cave, Volcano and Wizlab.

You collected 6096 gold pieces.
You spent 2615 gold pieces at shops.

Inventory:

Hand Weapons
 a - a +4 broad axe of flaming (weapon)
   (You found it in a volcano)
 b - a +0 trident of freezing
   (You took it off an orc on level 10 of the Dungeon)
Missiles
 B - 9 throwing nets
 E - 23 javelins (quivered)
 M - 6 curare-tipped darts
 N - 10 silver javelins
Armour
 g - a +2 pair of gloves of dexterity (worn)
   (You took it off Nikola on level 2 of the Swamp)
 u - a +0 kite shield (worn)
 D - a +1 helmet (worn)
   (You took it off Robin on level 4 of the Dungeon)
 K - a +2 cloak of cold resistance (worn)
   (You found it in an ice cave)
 T - the +4 scale mail of Ostanaas (worn) {rN+ Slay+3}
   (You bought it in a shop on level 2 of the Orcish Mines)

   It affects your accuracy and damage with ranged weapons and melee attacks
   (+3).
   It protects you from negative energy.
 X - the +3 cloak of Purpose {rElec Int+4 Slay+3}
   (You found it in a wizard's laboratory)

   It affects your intelligence (+4).
   It affects your accuracy and damage with ranged weapons and melee attacks
   (+3).
   It insulates you from electricity.
Jewellery
 e - the ring of Doubts {rElec Str+4 Int+4 Stlth-}
   (You found it in a Gauntlet)

   [ring of attention]

   It affects your strength (+4).
   It affects your intelligence (+4).
   It insulates you from electricity.
   It makes you less stealthy.
 i - an uncursed ring of see invisible
   (You found it on level 3 of the Elven Halls)
 m - the ring of the Mage (right hand) {Wiz MR++ Int+3}
   (You found it in a Gauntlet)

   [ring of wizardry]

   It improves your spell success rate.
   It affects your intelligence (+3).
   It affects your resistance to hostile enchantments.
 o - an uncursed ring of resist corrosion
   (You found it on level 3 of the Vaults)
 r - the amulet "Duankoch" (around neck) {rPois Regen+}
   (You found it in a Gauntlet)

   [amulet of regeneration]

   It protects you from poison.
   It increases your rate of regeneration.
 v - a +6 ring of evasion (left hand)
   (You found it on level 7 of the Dungeon)
 O - the amulet "Pyutt" {MR- Regen+ Int+4 Dex+5}
   (You took it off a vampire knight on level 3 of the Depths)

   [amulet of regeneration]

   It affects your intelligence (+4).
   It affects your dexterity (+5).
   It affects your resistance to hostile enchantments.
   It increases your rate of regeneration.
Wands
 c - a wand of iceblast (19)
   (You bought it in a shop in a bazaar)
 d - a wand of digging (24)
   (You found it in a Gauntlet)
 l - a wand of enslavement (63)
   (You bought it in a shop in a bazaar)
 n - a wand of polymorph (15)
   (You bought it in a shop in a bazaar)
 s - a wand of paralysis (54)
   (You bought it in a shop in a bazaar)
 U - a wand of clouds (2)
   (You found it on level 15 of the Dungeon)
Scrolls
 h - 11 scrolls of remove curse
 j - 12 scrolls of identify
 k - 18 scrolls of fog
 w - a scroll of summoning
 y - 9 scrolls of blinking
 A - 4 scrolls of immolation
 I - 7 scrolls of teleportation
 L - 4 scrolls of magic mapping
 V - 3 scrolls of fear
Potions
 f - 6 potions of cancellation
 p - a potion of might
 q - 13 potions of stabbing
 z - 7 potions of lignification
 C - 12 potions of flight
 F - 3 potions of resistance
 G - 12 potions of curing
 H - 8 potions of ambrosia
 J - 3 potions of magic
 P - 4 potions of mutation
 W - 2 potions of haste
 Y - 3 potions of berserk rage
 Z - 3 potions of invisibility
Miscellaneous
 t - 2 phantom mirrors
 S - a phial of floods
   (You found it on level 6 of the Lair of Beasts)
Comestibles
 x - 57 rations
 R - a chunk of flesh


   Skills:
 + Level 14.4 Fighting
 - Level 16.7(18.0) Axes
 - Level 12.0(15.7) Polearms
 + Level 15.2 Throwing
 - Level 13.0 Armour
 - Level 13.0 Dodging
 + Level 13.8 Shields
 - Level 12.0 Invocations
 + Level 14.4 Evocations


You had 22 spell levels left.
You didn't know any spells.
Your spell library contained the following spells:

 Spells                   Type           Power        Failure   Level  Hunger
 Animate Skeleton         Necr           N/A          28%         1    ##.....
 Apportation              Tloc           #.....       28%         1    ##.....
 Corona                   Hex            #......      28%         1    ##.....
 Foxfire                  Conj/Fire      #...         28%         1    ##.....
 Magic Dart               Conj           #...         28%         1    ##.....
 Pain                     Necr           #...         28%         1    ##.....
 Blink                    Tloc           N/A          38%         2    ###....
 Call Imp                 Summ           #.......     38%         2    ###....
 Ensorcelled Hibernation  Hex/Ice        #.....       38%         2    ###....
 Poisonous Vapours        Pois/Air       #.....       38%         2    ###....
 Shroud of Golubria       Chrm/Tloc      #.....       38%         2    ###....
 Slow                     Hex            #.......     38%         2    ###....
 Confusing Touch          Hex            #.......     61%         3    ####...
 Conjure Flame            Conj/Fire      #.......     61%         3    ####...
 Dazzling Flash           Conj/Hex       #.....       61%         3    ####...
 Gell's Gravitas          Tloc           #.........   61%         3    ####...
 Lesser Beckoning         Tloc           #.........   61%         3    ####...
 Mephitic Cloud           Conj/Pois/Air  #.......     61%         3    ####...
 Portal Projectile        Hex/Tloc       #.....       61%         3    ####...
 Spider Form              Tmut/Pois      #.........   61%         3    ####...
 Teleport Other           Tloc           #.......     61%         3    ####...
 Tukima's Dance           Hex            #.......     61%         3    ####...
 Vampiric Draining        Necr           #.........   61%         3    ####...
 Animate Dead             Necr           N/A          94%         4    #####..
 Iskenderun's Mystic Bla  Conj/Tloc      #.......     94%         4    #####..
 Passage of Golubria      Tloc           N/A          94%         4    #####..
 Petrify                  Tmut/Erth      #.......     94%         4    #####..
 Agony                    Necr           #.......     100%        5    ######.
 Alistair's Intoxication  Tmut/Pois      #.......     100%        5    ######.
 Bolt of Magma            Conj/Fire/Erth #.........   100%        5    ######.
 Borgnjor's Vile Clutch   Necr/Erth      #.........   100%        5    ######.
 Iskenderun's Battlesphe  Conj/Chrm      #.......     100%        5    ######.
 Metabolic Englaciation   Hex/Ice        #.........   100%        5    ######.
 Silence                  Hex/Air        #.........   100%        5    ######.
 Yara's Violent Unravell  Hex/Tmut       #.........   100%        5    ######.
 Darkness                 Hex            #.........   100%        6    #######
 Dispersal                Tloc           #.........   100%        6    #######
 Freezing Cloud           Conj/Ice/Air   #.........   100%        6    #######
 Iron Shot                Conj/Erth      #.........   100%        6    #######
 Shadow Creatures         Summ           N/A          100%        6    #######
 Orb of Destruction       Conj           #.........   100%        7    #######
 Ring of Flames           Chrm/Fire      #.........   100%        7    #######
 Spellforged Servitor     Conj/Summ      #.........   100%        7    #######
 Controlled Blink         Tloc           N/A          100%        8    #######
 Disjunction              Tloc           #.........   100%        8    #######


Dungeon Overview and Level Annotations

Branches:
Dungeon (15/15)            Temple (0/1) D:5            Lair (6/6) D:10
  Swamp (4/4) Lair:4       Spider (4/4) Lair:4        Slime (0/5) Lair:5
    Orc (2/2) D:10            Elf (3/3) Orc:2        Vaults (4/5) D:13
  Crypt (0/3) Vaults:2     Depths (5/5) D:15          IceCv (visited)
Volcano (visited)          WizLab (visited)         Gauntlet (visited)
    Zot: Depths:5

Altars:
Kikubaaqudgha
Makhleb
Yredelemnul
Jiyva

Shops:
D:5 ?   D:7 }   D:8 (   D:9 *%   Orc:2 :(}[   Vaults:1 (((   Vaults:2 (

Portals:
Hell: Depths:1 Depths:2 Depths:3 Depths:4
Abyss: Depths:3
Pandemonium: Depths:1 Depths:3
Ziggurat: Depths:2

Annotations:
D:12 3 runed translucent doors, DOPEyDwarf's ghost, journeyman MiBe
Lair:4 exclusion: 4 oklob plants
Spider:3 Roxanne
Elf:1 14 runed doors, Iryrib's ghost, adept MiBe
Elf:2 6 runed translucent doors, Naugih's ghost, adept SpEn
Depths:4 3 runed translucent doors


Innate Abilities, Weirdness & Mutations

You have hooves in place of feet.
You are mostly covered in slimy green scales. (AC +3)
Your flesh is heat resistant. (rF+)
You are completely attuned to the shadows.
You are powered by pain.
You are immune to clouds of flame.


Message History

You block the hell knight's attack. The spriggan rider closely misses you.
The caustic shrike completely misses you.
The spriggan rider barely misses you.
The redback moves out of view.
A caustic shrike comes into view.
Items here: ) [[ † a +0 robe; a +2 glaive of draining; a +0 chain mail; a spriggan corpse Unknown command.
You slash the spriggan rider! You burn the spriggan rider.
The spriggan rider is lightly wounded.
You slice the spriggan rider!! You burn the spriggan rider!
You completely miss the caustic shrike. You hit the fire giant.
The caustic shrike misses you.
A caustic shrike comes into view.
An ice dragon comes into view.
You block the hell knight's attack. You block the spriggan rider's attack.
The fire giant hits you with a +2 great sword of flaming.
* * * LOW HITPOINT WARNING * * *
You block the spriggan rider's attack.
Unknown command.
Unknown command.
Unknown command.
You feel much better. The caustic shrike claws you!!
* * * LOW HITPOINT WARNING * * *
You are splashed with acid.
You resist.
* * * LOW HITPOINT WARNING * * *
The caustic shrike misses you. You block the hell knight's attack.
You block the caustic shrike's attack. You block the spriggan rider's attack.
A caustic shrike comes into view.
The spriggan rider completely misses you.
The fire giant barely misses you.
Unknown command.
Blink to where?
Press: ? - help, Dir - move target cursor You are very lightly contaminated with residual magic.
As you read the scroll of blinking, it crumbles to dust.
Unknown command.
As you read the scroll of teleportation, it crumbles to dust.
You feel strangely unstable.
Unknown command.
Unknown command.
The caustic shrike misses you.
Unknown command.
Unknown command.
The caustic shrike closely misses you. You block the caustic shrike's attack.
Unknown command.
Unknown command.
Unknown command.
Unknown command.
Your surroundings suddenly seem different.
A titan comes into view.
The titan shouts!
You hear a screech!
An ice dragon comes into view.
A caustic shrike simulacrum comes into view.
A frost giant comes into view.
It is wielding a +2 battleaxe of freezing.
The ice dragon roars deafeningly!
Found 11 gold pieces and a runed ring mail.
You feel much better.
You hear a screech!
You hear a shout!
The frost giant points at you and mumbles some strange words.
The bolt of cold misses you.
Unknown command.
Unknown command.
Unknown command.
Okay, then.
You feel yourself speed up.
A hippogriff comes into view.
A lich comes into view.
The titan hits you!!
* * * LOW HITPOINT WARNING * * *
The frost giant hits you but does no damage.
Unknown command.
You feel very mighty all of a sudden.
The caustic shrike simulacrum completely misses you.
The caustic shrike simulacrum claws you!!
* * * LOW HITPOINT WARNING * * *
The caustic shrike simulacrum freezes you!
You resist.
* * * LOW HITPOINT WARNING * * *
The titan waves its arms in wide circles.
The air twists around and strikes you!
* * * LOW HITPOINT WARNING * * *
Unknown command.
You closely miss the caustic shrike simulacrum.
Your kick misses the caustic shrike simulacrum.
You slash the frost giant! You burn the frost giant. You hit the ice dragon.
You burn the ice dragon. You slash the titan! You burn the titan.
Unknown command.
Unknown command.
Unknown command.
You slash the caustic shrike simulacrum!
You melt the caustic shrike simulacrum.
The caustic shrike simulacrum is moderately damaged.
You slash the frost giant! You burn the frost giant. You slash the ice dragon!
You burn the ice dragon. You slice the titan!! You burn the titan.
The hippogriff changes into a blink frog!
The caustic shrike simulacrum claws you!
* * * LOW HITPOINT WARNING * * *
The caustic shrike simulacrum freezes you!
You resist.
You die...

b##..8C.^#
##.'...b.##
##.b##...##
#..c.#(###
...ibD)#
....p.#'.#
#(..)##.c..
##..##
.....F####
##. ....
#'C@# #
#.DCZ#
'...$..#
##..L..[#
##'##'##


You could see a titan, a frost giant, an ice dragon, a lich, a blink frog shaped
shifter and a caustic shrike simulacrum.

Vanquished Creatures
  2 juggernauts
  Nikola (Swamp:2)
  An Ice Fiend (IceCv)
  Jorgrun (Spider:2)
  Rupert (Orc:2)
  3 liches
  Asterion (Spider:2)
  A deep elf blademaster (Elf:3)
  A deep elf master archer (Elf:3)
  An Executioner (WizLab)
  2 tentacled starspawn (WizLab)
  A titan (Depths:3)
  2 thorn hunters
  2 sphinxes (Depths:2)
  2 shadow dragons
  2 tengu reavers (Depths:3)
  3 storm dragons
  Agnes (Spider:3)
  3 fire giants
  13 frost giants
  8 deep elf sorcerers
  3 ghost moths (Spider:4)
  8 vault wardens
  4 emperor scorpions
  An orc warlord (Orc:2)
  Aizul (Swamp:2)
  A cacodemon (Depths:1)
  Louise (Orc:2)
  10 deep elf elementalists
  4 spriggan defenders (Depths:3)
  14 ironheart preservers
  5 entropy weavers
  A stone giant (shapeshifter) (Vaults:1)
  14 stone giants
  3 very ugly things
  2 vampire knights
  7 deep elf demonologists
  5 deep elf annihilators
  A red draconian (WizLab)
  10 spark wasps
  Azrael (Elf:1)
  A purple draconian (WizLab)
  3 ettins
  5 deep elf death magi (Elf:3)
  7 fire dragons
  3 deep elf high priests
  7 ogre magi
  Josephine (D:15)
  5 great orbs of eyes
  A monstrous demonspawn (Depths:1)
  9 ice dragons
  Fannar (Lair:2)
  7 spriggan air magi
  7 rakshasas
  A catoblepas (D:13)
  12 vault guards
  14 yaktaur captains
  4 shambling mangroves
  23 hydras
  14 centaur warriors
  2 death knights (Vaults:3)
  Erica (D:8)
  8 dancing weapons
  The ghost of tilp the Quickloader, a journeyman KoAM of Makhleb (D:11)
  26 two-headed ogres
  5 deep troll shamans
  11 alligators
  4 tengu warriors
  Urug (Orc:2)
  A queen ant (Lair:4)
  9 deep troll earth magi
  6 spriggan berserkers
  A thrashing horror (WizLab)
  5 death yaks
  2 orc high priests
  Sonja (D:12)
  14 deep elf knights
  3 small abominations
  A sixfirhy (Gauntlet)
  5 skeletal warriors (Vaults:1)
  A fire crab (shapeshifter) (D:14)
  A shadow wraith (WizLab)
  3 iron trolls
  32 hell knights
  5 spriggan druids
  4 wizards
  21 deep trolls
  2 glowing orange brains
  4 flayed ghosts
  4 unseen horrors
  A death drake (shapeshifter) (Depths:3)
  12 swamp dragons
  Pikel (D:6)
  8 necromancers
  8 harpies
  8 ironbrand convokers
  9 orc knights
  19 deep elf archers
  15 orb spiders
  A lindwurm (Lair:1)
  An orb spider (shapeshifter) (Vaults:2)
  55 deep elf magi
  A wolf spider zombie (D:14)
  A manticore (D:12)
  29 ugly things
  A harpy (shapeshifter) (Depths:4)
  4 orc sorcerers
  24 wolf spiders
  9 cyclopes
  A mana viper (shapeshifter) (D:15)
  2 worldbinders (WizLab)
  7 centaur zombies
  An ice statue (IceCv)
  3 moths of wrath
  A guardian serpent (D:9)
  13 vault sentinels
  7 elephants
  A guardian serpent (shapeshifter) (Elf:1)
  A torpor snail (Lair:3)
  5 black mambas
  A gargoyle (D:14)
  Psyche (D:12)
  An apocalypse crab (WizLab)
  19 spiny frogs
  An orange demon (Depths:1)
  8 komodo dragons
  2 komodo dragons (shapeshifter)
  4 efreet
  5 freezing wraiths
  50 yaktaurs
  13 demonic crawlers
  3 anaconda simulacra (IceCv)
  A kobold demonologist (D:14)
  A golden dragon simulacrum (IceCv)
  A red devil (Depths:1)
  2 tengu conjurers
  2 ancient zymes (WizLab)
  A hellwing (Depths:1)
  15 trolls
  5 ice devils
  2 polar bears (Lair:6)
  12 tyrant leeches
  23 hornets
  A raiju (WizLab)
  24 jumping spiders
  46 slime creatures
  10 bog bodies
  A wolf spider simulacrum (IceCv)
  26 blink frogs
  A slime creature (shapeshifter) (Vaults:1)
  7 dream sheep (Lair:6)
  A dream sheep (shapeshifter) (Depths:3)
  A human simulacrum (Vaults:3)
  A hippogriff (shapeshifter) (Depths:2)
  7 hippogriffs
  57 redbacks
  A spriggan (shapeshifter) (Depths:2)
  2 vampires (D:15)
  5 water elementals
  4 air elementals
  6 wraiths
  15 tarantellas
  2 wyverns
  16 spriggans
  3 large abominations (WizLab)
  7 shadows
  A human (D:9)
  A yak (shapeshifter) (D:13)
  A basilisk (shapeshifter) (Vaults:4)
  2 basilisks
  A golden eye (shapeshifter) (D:13)
  4 hogs (D:9)
  13 vampire mosquitoes
  2 dire elephant simulacra (IceCv)
  29 yaks
  A chaos spawn (WizLab)
  5 fire elementals
  A death yak simulacrum (IceCv)
  2 harpy simulacra (IceCv)
  Menkaure (D:7)
  11 swamp worms
  A spatial vortex (WizLab)
  A soldier ant (shapeshifter) (Vaults:2)
  7 insubstantial wisps
  4 wargs
  An iron troll simulacrum (IceCv)
  5 hydra simulacra (IceCv)
  An acid dragon (Vaults:1)
  A floating eye (shapeshifter) (Vaults:1)
  19 soldier ants
  6 hell hounds
  8 swamp drakes
  19 water moccasins
  A hornet zombie (D:14)
  6 porcupines
  The ghost of vishdafish the Ruffian, an amateur TrFi (D:3)
  3 black bears (Lair:6)
  An ettin simulacrum (IceCv)
  3 ice beasts
  40 orc warriors
  2 sky beasts
  24 centaurs
  3 slaves (D:6)
  30 ogres
  7 boggarts
  33 wolves
  11 crocodiles
  3 big kobolds
  A gnoll sergeant (D:9)
  20 bullfrogs
  A wyvern zombie (D:13)
  A scorpion (shapeshifter) (Depths:3)
  A wyvern skeleton (D:11)
  4 scorpions
  9 killer bees
  A swamp dragon simulacrum (IceCv)
  7 howler monkeys
  2 electric eels
  5 crimson imps
  4 draconian simulacra (IceCv)
  2 bullfrog zombies (D:11)
  4 bullfrog skeletons
  4 hounds
  7 jellies
  4 centaur skeletons
  A gnoll shaman (D:9)
  20 orc priests
  Natasha (thrice) (D:2)
  7 iguanas
  29 orc wizards
  5 hell rats (Lair:5)
  24 worker ants
  4 troll simulacra (IceCv)
  2 polar bear simulacra (IceCv)
  A wolf simulacrum (IceCv)
  3 hound skeletons
  A hound zombie (D:6)
  A howler monkey zombie (D:6)
  Robin (D:4)
  29 gnolls
  12 adders
  5 naga simulacra (IceCv)
  An ogre simulacrum (IceCv)
  3 shadow imps
  5 white imps
  5 ufetubi
  2 adder skeletons
  A worm (D:2)
  A dart slug (D:2)
  5 leopard geckos
  125 orcs
  3 giant cockroaches
  25 goblins
  12 hobgoblins
  12 jackals
  4 quokkas
  9 bats
  3 frilled lizards
  13 kobolds
  A leopard gecko zombie (D:7)
  A quokka skeleton (D:7)
  10 rats
  3 crawling corpses (Elf:3)
  A plant (Swamp:3)
1909 creatures vanquished.

Vanquished Creatures (collateral kills)
  Saint Roka (Orc:1)
  An entropy weaver (Lair:4)
  A minotaur (Gauntlet)
  A catoblepas (Lair:4)
  3 death yaks (Lair:5)
  2 deep trolls (Orc:2)
  An orb spider (Spider:2)
  An orc sorcerer (Orc:1)
  3 elephants
  A black mamba (Lair:5)
  An efreet (Volcano)
  A jumping spider (Spider:3)
  2 trolls (Orc:2)
  A tyrant leech (Gauntlet)
  A hornet (Lair:6)
  A spriggan (Lair:6)
  2 yaks (Lair:5)
  A warg (Orc:2)
  A soldier ant (Lair:4)
  A water moccasin (Lair:5)
  2 orc warriors (Orc:2)
  A black bear (Lair:6)
  An ogre (Orc:2)
  A wolf (Lair:6)
  2 crocodiles (Lair:4)
  A bullfrog (Lair:5)
  3 orc priests (Orc:2)
  An orc wizard (Orc:2)
  3 ufetubi (Gauntlet)
  2 orcs (Orc:2)
  A plant (Lair:6)
45 creatures vanquished.

Vanquished Creatures (others)
  A spriggan (Swamp:2)
  A deep elf archer (Elf:2)
  A deep elf mage (Elf:3)
  A spiny frog (Swamp:1)
  A demonic crawler (Spider:2)
  3 hornets (Swamp:2)
  3 air elementals
  A redback (shapeshifter) (Elf:2)
  A water elemental (Depths:1)
  An ogre (D:15)
  A white imp (IceCv)
  7 ufetubi (IceCv)
  2 orcs (Orc:2)
  A kobold (D:14)
  4 demonic plants (Gauntlet)
  4 fire vortices
  5 fungi
  10 plants
  4 starspawn tentacles (WizLab)
52 creatures vanquished.

Grand Total: 2006 creatures vanquished

Notes
Turn   | Place    | Note
-------+----------+-------------------------------------------
     0 | D:1      | magipi the Demonspawn Fighter began the quest for the Orb.
     0 | D:1      | Reached XP level 1. HP: 18/18 MP: 1/1
   121 | D:1      | Gained mutation: You have large cloven feet. [demonic
                  | ancestry]
   121 | D:1      | Reached XP level 2. HP: 17/24 MP: 2/2
  1047 | D:2      | Gained mutation: You sometimes gain a little power by
                  | taking damage. [demonic ancestry]
  1047 | D:2      | Reached XP level 3. HP: 29/29 MP: 3/3
  1276 | D:1      | Reached skill level 1 in Throwing
  1587 | D:2      | Noticed Natasha
  1604 | D:2      | Killed Natasha
  1604 | D:2      | Gained mutation: You are partially covered in slimy green
                  | scales. (AC +2) [demonic ancestry]
  1604 | D:2      | Reached XP level 4. HP: 17/35 MP: 4/4
  2060 | D:2      | Noticed Natasha
  2069 | D:2      | Killed Natasha
  2069 | D:2      | Gained mutation: You have hoof-like feet. [demonic
                  | ancestry]
  2069 | D:2      | Reached XP level 5. HP: 41/42 MP: 5/5
  2344 | D:2      | Noticed Natasha
  2351 | D:2      | Killed Natasha
  2795 | D:2      | Noticed an ogre
  2813 | D:2      | Killed an ogre
  2813 | D:2      | Gained mutation: You sometimes gain power by taking damage.
                  | [demonic ancestry]
  2813 | D:2      | Reached XP level 6. HP: 26/48 MP: 6/6
  3565 | D:3      | Found a transporter.
  3569 | D:3      | Noticed vishdafish's ghost (amateur TrFi)
  3570 | D:3      | Found a transporter.
  3571 | D:3      | Noticed an ice beast
  3880 | D:3      | Found a burning altar of Makhleb.
  4264 | D:3      | Became a worshipper of Makhleb the Destroyer
  5189 | D:4      | Noticed Robin
  5205 | D:4      | Reached * piety under Makhleb
  5217 | D:4      | Killed Robin
  5419 | D:5      | Entered Level 5 of the Dungeon
  5574 | D:5      | Found Sixymec's Magic Scroll Boutique.
  5578 | D:5      | Bought a scroll of blinking for 75 gold pieces
  5627 | D:5      | Found a staircase to the Ecumenical Temple.
  5637 | D:5      | Gained mutation: You have hooves in place of feet. [demonic
                  | ancestry]
  5637 | D:5      | Reached XP level 7. HP: 45/55 MP: 7/7
  5909 | D:5      | You fall into a shaft and drop 3 floors!
  5935 | D:8      | Found a burning altar of Makhleb.
  6010 | D:7      | Noticed Menkaure
  6018 | D:7      | Killed Menkaure
  6082 | D:6      | Reached skill level 5 in Polearms
  6160 | D:6      | Gained mutation: You are slightly more attuned to the
                  | shadows. [demonic ancestry]
  6160 | D:6      | Reached XP level 8. HP: 39/61 MP: 8/8
  6166 | D:6      | Reached ** piety under Makhleb
  6169 | D:6      | Reached skill level 5 in Fighting
  6912 | D:6      | Noticed a troll
  6990 | D:6      | Noticed Pikel
  7390 | D:6      | Killed a troll
  7390 | D:6      | Reached skill level 5 in Armour
  7390 | D:6      | Reached skill level 5 in Shields
  7864 | D:7      | Reached XP level 9. HP: 69/69 MP: 9/9
  8391 | D:7      | Found Caheutt's Gadget Shoppe.
  8394 | D:7      | Bought a wand of disintegration (13) for 221 gold pieces
  8675 | D:8      | Reached *** piety under Makhleb
  8724 | D:8      | Noticed Erica
  8748 | D:8      | Killed Erica
  8920 | D:8      | Found Leshejump's Antique Weapon Boutique.
  8939 | D:8      | Noticed a two-headed ogre
  8948 | D:8      | Killed a two-headed ogre
  8948 | D:8      | Reached skill level 5 in Throwing
  8948 | D:8      | Reached XP level 10. HP: 77/77 MP: 10/10
  9543 | D:9      | Found Ijiriuco's Assorted Antiques.
  9747 | D:9      | Noticed a guardian serpent
  9764 | D:9      | Killed a guardian serpent
 10042 | D:9      | Reached **** piety under Makhleb
 10266 | D:9      | Found Qiogauc's Food Emporium.
 10356 | D:10     | Entered Level 10 of the Dungeon
 10357 | D:10     | Identified a scroll of acquirement
 10357 | D:10     | Identified the ring of Caschiec {rC+ rN++ MP+9 Int+3 Dex-4}
                  | (You acquired it on level 10 of the Dungeon)
 10626 | D:10     | Found a staircase to the Orcish Mines.
 10702 | D:10     | Noticed a death yak
 10715 | D:10     | Killed a death yak
 10715 | D:10     | Reached skill level 1 in Invocations
 10720 | D:10     | Reached skill level 1 in Evocations
 10968 | D:10     | Reached ***** piety under Makhleb
 11080 | D:10     | Found a staircase to the Lair.
 11656 | D:11     | Reached XP level 11. HP: 84/84 MP: 12/12
 11658 | D:11     | Found a runed translucent gate.
 11659 | D:11     | Found a runed translucent gate.
 11660 | D:11     | Found a runed translucent gate.
 11660 | D:11     | Noticed tilp's ghost (journeyman KoAM)
 11660 | D:11     | Noticed an 11-headed hydra
 11660 | D:11     | Noticed a nine-headed hydra
 12057 | D:11     | Noticed a two-headed ogre
 12096 | D:11     | Killed a two-headed ogre
 12805 | Lair:1   | Entered Level 1 of the Lair of Beasts
 12908 | Lair:1   | Found a dark tunnel.
 12908 | Lair:1   | Noticed a lindwurm
 12925 | Lair:1   | Killed a lindwurm
 13056 | Volcano  | Entered a volcano
 14629 | Lair:2   | You fall into a shaft and drop 1 floor!
 14947 | Lair:3   | Reached skill level 10 in Polearms
 14976 | Lair:2   | Noticed Fannar
 15242 | Lair:2   | Reached skill level 5 in Invocations
 15360 | Lair:2   | Killed Fannar
 15492 | Lair:2   | Gained mutation: You are significantly more attuned to the
                  | shadows. [demonic ancestry]
 15492 | Lair:2   | Reached XP level 12. HP: 74/94 MP: 15/15
 16070 | Lair:3   | Noticed a five-headed hydra
 16338 | Lair:3   | Killed a five-headed hydra
 16435 | Lair:3   | Found a runed translucent door.
 16437 | Lair:3   | Noticed an eight-headed hydra
 16459 | Lair:3   | Killed an eight-headed hydra
 16731 | Lair:4   | Noticed a catoblepas
 16740 | Lair:4   | Killed a catoblepas
 16856 | Lair:4   | Noticed a five-headed hydra
 16865 | Lair:4   | Killed a five-headed hydra
 16893 | Lair:4   | Noticed a seven-headed hydra
 17511 | Lair:4   | Found a staircase to the Swamp.
 17577 | Lair:4   | Noticed an entropy weaver
 17667 | Lair:4   | Noticed an entropy weaver
 17671 | Lair:4   | Killed an entropy weaver
 17671 | Lair:4   | Reached skill level 5 in Evocations
 17781 | Lair:4   | Found a hole to the Spider Nest.
 17966 | Lair:4   | Killed a seven-headed hydra
 18423 | Lair:4   | Gained mutation: You are powered by pain. [demonic
                  | ancestry]
 18423 | Lair:4   | Reached XP level 13. HP: 101/101 MP: 18/18
 18953 | Lair:4   | Killed an entropy weaver
 19742 | Lair:5   | Found a gate leading to a gauntlet.
 19761 | Gauntlet | Entered a Gauntlet
 19761 | Gauntlet | Found a transporter.
 19780 | Gauntlet | Found a transporter.
 19788 | Gauntlet | Found a transporter.
 19793 | Gauntlet | Found a transporter.
 19815 | Gauntlet | Found a transporter.
 19824 | Gauntlet | Found a transporter.
 19839 | Gauntlet | Found a transporter.
 19839 | Gauntlet | Noticed a reaper
 19851 | Gauntlet | Found a transporter.
 19863 | Gauntlet | Found a transporter.
 19863 | Gauntlet | Identified the ring of Golyqipn {Ice rPois Dex+4 Slay-2
                  | SInv}
 19875 | Gauntlet | Found a transporter.
 19897 | Gauntlet | Found a transporter.
 19909 | Gauntlet | Found a transporter.
 19912 | Gauntlet | Found a transporter.
 19941 | Gauntlet | Found a transporter.
 19969 | Gauntlet | Found a transporter.
 19969 | Gauntlet | Found a transporter.
 20057 | Gauntlet | Found the ring of the Mage {Wiz MR++ Int+3}
 20284 | Gauntlet | Found a transporter.
 20360 | Gauntlet | Found a transporter.
 20737 | Gauntlet | Identified the ring "Jiehuell" {Wiz MR+ Int+4}
 20737 | Gauntlet | Noticed a minotaur
 20813 | Gauntlet | Killed a minotaur
 21156 | Gauntlet | Got a glittering lead amulet
 21156 | Gauntlet | Got a fine copper ring
 21165 | Lair:5   | Identified the amulet "Duankoch" {rPois Regen+} (You found
                  | it in a Gauntlet)
 21169 | Lair:5   | Identified the ring of Doubts {rElec Str+4 Int+4 Stlth-}
                  | (You found it in a Gauntlet)
 21349 | Lair:5   | Found a viscous altar of Jiyva.
 21349 | Lair:5   | Found a staircase to the Slime Pits.
 21833 | Lair:6   | Entered Level 6 of the Lair of Beasts
 22269 | Lair:6   | Upgraded the game from 0.25-a0-781-gc44aebf4fe to
                  | 0.25-a0-782-g655279ceaa
 22354 | Lair:6   | Reached skill level 10 in Fighting
 22410 | Lair:5   | Reached skill level 1 in Dodging
 22545 | Lair:6   | Gained mutation: Your flesh is heat resistant. (rF+)
                  | [demonic ancestry]
 22545 | Lair:6   | Reached XP level 14. HP: 110/110 MP: 20/20
 23412 | Lair:6   | Identified Nushent's Tome of Contamination and Arcane
                  | Weapons
 23572 | Lair:6   | Identified the Grimoire of Displacement and Enchantment
 24100 | Orc:1    | Entered Level 1 of the Orcish Mines
 24316 | Orc:2    | Entered Level 2 of the Orcish Mines
 24478 | Orc:2    | Noticed Saint Roka
 24675 | Orc:1    | Killed Saint Roka
 25206 | Orc:2    | Found a staircase to the Elven Halls.
 25261 | Orc:2    | Noticed Rupert
 25296 | Orc:2    | Killed Rupert
 25379 | Orc:1    | Reached skill level 10 in Invocations
 25557 | Orc:2    | Noticed an orc warlord
 25607 | Orc:2    | Killed an orc warlord
 25623 | Orc:2    | Reached skill level 1 in Axes
 25956 | Orc:2    | Reached skill level 10 in Shields
 25983 | Orc:2    | Reached skill level 2 in Axes
 25985 | Orc:2    | Reached skill level 10 in Armour
 26117 | Orc:2    | Reached XP level 15. HP: 110/115 MP: 22/22
 26132 | Orc:2    | Found Zerph's Weapon Shop.
 26133 | Orc:2    | Found Xiajeimieq's Antique Armour Boutique.
 26166 | Orc:2    | Found Warur's Book Shoppe.
 26175 | Orc:2    | Noticed Urug
 26213 | Orc:2    | Killed Urug
 26227 | Orc:2    | Reached skill level 3 in Axes
 26282 | Orc:2    | Found Caibeon's Gadget Shop.
 26289 | Orc:2    | Bought a wand of enslavement (9) for 154 gold pieces
 26334 | Orc:2    | Bought a smoking scale mail for 288 gold pieces
 26335 | Orc:2    | Identified the +4 scale mail of Ostanaas {rN+ Slay+3} (You
                  | bought it in a shop on level 2 of the Orcish Mines)
 26456 | D:12     | Noticed Psyche
 26461 | D:12     | Found a runed translucent door.
 26568 | D:12     | Found a runed translucent door.
 26572 | D:12     | Found a runed translucent door.
 26607 | D:12     | Killed Psyche
 26809 | D:12     | Noticed DOPEyDwarf's ghost (journeyman MiBe)
 26811 | D:12     | Noticed a lich
 27082 | D:12     | Reached skill level 5 in Dodging
 27135 | D:12     | Noticed Sonja
 27141 | D:12     | Killed Sonja
 27633 | D:13     | Reached skill level 10 in Throwing
 27832 | D:13     | Reached skill level 4 in Axes
 27880 | D:13     | Found a gate to the Vaults.
 28762 | D:14     | Reached skill level 5 in Axes
 29161 | D:14     | Reached ****** piety under Makhleb
 29426 | D:15     | Entered Level 15 of the Dungeon
 29527 | D:15     | Reached skill level 10 in Evocations
 29728 | D:15     | Reached skill level 6 in Axes
 29889 | D:15     | Reached XP level 16. HP: 122/122 MP: 23/23
 29952 | D:15     | Noticed Josephine
 29960 | D:15     | Killed Josephine
 30094 | D:15     | Found a staircase to the Depths.
 30666 | D:11     | Killed tilp's ghost
 30666 | D:11     | Reached skill level 7 in Axes
 30996 | D:6      | Killed Pikel
 31066 | D:3      | Killed vishdafish's ghost
 31342 | Swamp:1  | Entered Level 1 of the Swamp
 32321 | Swamp:2  | Noticed a thorn hunter
 32334 | Swamp:2  | Noticed Aizul
 32339 | Swamp:2  | Killed a thorn hunter
 32349 | Swamp:2  | Reached skill level 8 in Axes
 32359 | Swamp:2  | Killed Aizul
 32573 | Swamp:2  | Identified the +2 ring mail of Disguise {rElec rF++ Regen+
                  | Str-5} (You found it on level 2 of the Swamp)
 32918 | Swamp:2  | Noticed Nikola
 32934 | Swamp:2  | Killed Nikola
 33346 | Swamp:3  | Reached skill level 9 in Axes
 34026 | Swamp:4  | Entered Level 4 of the Swamp
 34184 | Swamp:4  | Reached skill level 10 in Axes
 34190 | Swamp:4  | Reached XP level 17. HP: 128/128 MP: 24/24
 34912 | Swamp:4  | Paralysed by a hornet for 1 turns
 34914 | Swamp:4  | Reached skill level 11 in Axes
 34966 | Swamp:4  | Reached skill level 10 in Dodging
 35158 | Swamp:4  | Got a decaying rune of Zot
 35326 | Spider:1 | Entered Level 1 of the Spider Nest
 35609 | Spider:1 | Reached skill level 12 in Axes
 36177 | Spider:2 | Noticed Jorgrun
 36186 | Spider:2 | Killed Jorgrun
 36945 | Spider:3 | Noticed Asterion
 36948 | Spider:3 | Noticed Agnes
 36959 | Spider:2 | Killed Asterion
 37153 | Spider:3 | Reached skill level 13 in Axes
 37391 | D:9      | Bought a potion of heal wounds for 110 gold pieces
 37391 | D:9      | Bought a potion of curing for 66 gold pieces
 37391 | D:9      | Bought a potion of heal wounds for 110 gold pieces
 37460 | Elf:1    | Entered Level 1 of the Elven Halls
 37469 | Elf:1    | Noticed Louise
 37494 | Orc:2    | Killed Louise
 37914 | Elf:1    | Found a huge runed gate.
 37915 | Elf:1    | Found a huge runed gate.
 37916 | Elf:1    | Found a huge runed gate.
 37917 | Elf:1    | Found a huge runed gate.
 37926 | Elf:1    | Found a huge runed gate.
 37926 | Elf:1    | Found a huge runed gate.
 37927 | Elf:1    | Found a huge runed gate.
 37927 | Elf:1    | Found a huge runed gate.
 37928 | Elf:1    | Found a huge runed gate.
 37928 | Elf:1    | Found a huge runed gate.
 37929 | Elf:1    | Found a huge runed gate.
 37930 | Elf:1    | Found a huge runed gate.
 37930 | Elf:1    | Found a huge runed gate.
 37931 | Elf:1    | Found a huge runed gate.
 37978 | Elf:1    | Found a runed translucent gate.
 37979 | Elf:1    | Found a runed translucent gate.
 37983 | Elf:1    | Found a runed translucent gate.
 37987 | Elf:1    | Noticed Azrael
 38000 | Elf:1    | Killed Azrael
 38003 | Elf:1    | Identified the +7 trident of Sloth {vorpal, rC- rN+ Dex+3}
 38006 | Elf:1    | Noticed Iryrib's ghost (adept MiBe)
 38043 | Elf:1    | Reached skill level 14 in Axes
 38298 | Elf:1    | Reached XP level 18. HP: 134/134 MP: 25/25
 38521 | Elf:1    | Found a huge runed gate.
 38522 | Elf:1    | Found a huge runed gate.
 38523 | Elf:1    | Found a huge runed gate.
 38524 | Elf:1    | Found a huge runed gate.
 38525 | Elf:1    | Found a huge runed gate.
 38525 | Elf:1    | Found a huge runed gate.
 38526 | Elf:1    | Found a huge runed gate.
 38526 | Elf:1    | Found a huge runed gate.
 38527 | Elf:1    | Found a huge runed gate.
 38533 | Elf:1    | Found a huge runed gate.
 38533 | Elf:1    | Found a huge runed gate.
 38533 | Elf:1    | Found a huge runed gate.
 38691 | Elf:2    | Identified the +7 chain mail of Basaner {rN++ MP+9} (You
                  | found it on level 2 of the Elven Halls)
 38891 | Elf:2    | Found a runed translucent gate.
 38927 | Elf:2    | Found a runed translucent gate.
 38928 | Elf:2    | Found a runed translucent gate.
 38929 | Elf:2    | Noticed Naugih's ghost (adept SpEn)
 39004 | Elf:2    | Found a runed translucent gate.
 39004 | Elf:2    | Found a runed translucent gate.
 39004 | Elf:2    | Found a runed translucent gate.
 39488 | Elf:3    | Entered Level 3 of the Elven Halls
 39529 | Elf:3    | Found a frozen archway.
 39545 | IceCv    | Entered an ice cave
 39908 | IceCv    | Reached skill level 15 in Axes
 40288 | IceCv    | Noticed an Ice Fiend
 40304 | IceCv    | Killed an Ice Fiend
 41585 | Elf:3    | Noticed a Hell Sentinel
 41587 | Elf:3    | Reached skill level 16 in Axes
 42203 | Elf:3    | Identified the amulet of Fun Sourysm {RegenMP *Slow rElec
                  | Str+8}
 42205 | Elf:3    | Identified the cursed +1 glaive of Zuymaal {vorpal, rElec
                  | rF+ rC+}
 42227 | Elf:3    | Identified the ring "Zaivvit" {*Slow rPois rCorr MP+9
                  | Slay-5}
 42234 | Elf:3    | Reached XP level 19. HP: 140/140 MP: 26/26
 43305 | Elf:3    | Identified the +3 demon whip "Itteddy" {vamp, rN++ MR++
                  | Str-4} (You found it on level 3 of the Elven Halls)
 43311 | Elf:3    | Identified the +6 scale mail of Wiesoetu {rPois Str+4
                  | Dex-4} (You found it on level 3 of the Elven Halls)
 43356 | Elf:3    | Got a clouded tin ring
 43357 | Elf:3    | Identified the ring of Asceticism {*Corrode rF+ rC+ rN++
                  | Int-3} (You found it on level 3 of the Elven Halls)
 44686 | Spider:3 | Killed Agnes
 44889 | Spider:3 | Identified Roxanne's Tome of Earth
 44889 | Spider:3 | Noticed Roxanne
 45079 | Spider:4 | Entered Level 4 of the Spider Nest
 45828 | Spider:4 | Got a gossamer rune of Zot
 46246 | D:9      | Bought a scroll of enchant armour for 165 gold pieces
 46346 | Vaults:1 | Entered Level 1 of the Vaults
 46506 | Vaults:1 | Found a flickering gateway to a bazaar.
 46534 | Bazaar   | Entered a bazaar
 46537 | Bazaar   | Found Ackoyc's Gadget Shop.
 46556 | Bazaar   | Found Ixkor's Book Boutique.
 46582 | Bazaar   | Found Hahisu's Book Shop.
 46598 | Bazaar   | Found Dosestr Yveg's General Store.
 46667 | Bazaar   | Bought a scroll of teleportation for 39 gold pieces
 46667 | Bazaar   | Bought a scroll of blinking for 97 gold pieces
 46681 | Bazaar   | Bought a wand of iceblast (5) for 135 gold pieces
 46681 | Bazaar   | Bought a wand of paralysis (3) for 75 gold pieces
 46681 | Bazaar   | Bought a wand of enslavement (12) for 210 gold pieces
 46681 | Bazaar   | Bought a wand of polymorph (8) for 150 gold pieces
 46681 | Bazaar   | Bought a wand of paralysis (9) for 165 gold pieces
 46681 | Bazaar   | Bought a wand of paralysis (5) for 105 gold pieces
 46681 | Bazaar   | Bought a phantom mirror for 450 gold pieces
 46855 | Vaults:1 | Found Qiquimas's Weapon Shop.
 46989 | Vaults:1 | Found Woqasis's Weapon Emporium.
 47155 | Vaults:1 | Found Ahukk's Weapon Shop.
 47595 | Vaults:1 | Reached XP level 20. HP: 150/150 MP: 28/28
 48133 | Vaults:2 | Found Luuddi's Antique Weapon Shop.
 48270 | Vaults:2 | Found a magical portal.
 48277 | WizLab   | Found a transporter.
 48309 | WizLab   | Found a transporter.
 48330 | WizLab   | Found a transporter.
 48358 | WizLab   | Found a transporter.
 48374 | WizLab   | Found a transporter.
 48457 | WizLab   | Found a transporter.
 48481 | WizLab   | Found a transporter.
 48494 | WizLab   | Found a corrupted altar of Lugonu.
 48550 | WizLab   | Found a transporter.
 48627 | WizLab   | Found a transporter.
 48629 | WizLab   | Found a corrupted altar of Lugonu.
 48640 | WizLab   | Found a transporter.
 48708 | WizLab   | Found a corrupted altar of Lugonu.
 48716 | WizLab   | Got a scorched cloak
 48796 | WizLab   | Found a transporter.
 48796 | WizLab   | Found a transporter.
 48824 | WizLab   | Found a transporter.
 48858 | WizLab   | Found a transporter.
 48858 | WizLab   | Found a transporter.
 48887 | WizLab   | Found a transporter.
 48933 | WizLab   | Found a transporter.
 48975 | WizLab   | Found a transporter.
 48975 | WizLab   | Found a transporter.
 49055 | WizLab   | Found a transporter.
 49096 | WizLab   | Got a smoking cloak
 49150 | WizLab   | Identified the +3 cloak of Purpose {rElec Int+4 Slay+3}
                  | (You found it in a wizard's laboratory)
 49151 | WizLab   | Identified the cursed +0 cloak of the Raven {*Contam rF+
                  | Int+2 Stlth+} (You found it in a wizard's laboratory)
 49330 | Vaults:2 | Found a staircase to the Crypt.
 49330 | Vaults:2 | Found an ancient bone altar of Kikubaaqudgha.
 49331 | Vaults:2 | Found a basalt altar of Yredelemnul.
 51692 | Vaults:4 | Gained mutation: You are mostly covered in slimy green
                  | scales. (AC +3) [demonic ancestry]
 51692 | Vaults:4 | Reached XP level 21. HP: 159/159 MP: 30/30
 53046 | Depths:1 | Entered Level 1 of the Depths
 53111 | Depths:1 | Found a gateway to Hell.
 53335 | Depths:1 | Found a one-way gate leading to the halls of Pandemonium.
 53884 | Depths:2 | Found a gateway to a ziggurat.
 54155 | Depths:1 | Identified the +8 quarterstaff of Fate {protect, +Blink
                  | rElec MR+ MP-9} (You found it on level 1 of the Depths)
 54557 | Depths:2 | Noticed a juggernaut
 54579 | Depths:2 | Killed a juggernaut
 54588 | Depths:2 | Gained mutation: You are completely attuned to the shadows.
                  | [demonic ancestry]
 54588 | Depths:2 | Reached XP level 22. HP: 69/169 MP: 31/31
 55445 | Depths:3 | Found a one-way gate to the infinite horrors of the Abyss.
 55884 | Depths:3 | Noticed a juggernaut
 55904 | Depths:3 | Killed a juggernaut
 56307 | Depths:3 | Identified the +3 hunting sling of Tugril {vorpal, rC++}
 56307 | Depths:3 | Identified the amulet "Pyutt" {MR- Regen+ Int+4 Dex+5}
 57022 | Depths:3 | Reached skill level 15 in Throwing
 57227 | Depths:4 | Identified the cursed +0 ring mail "Jiyploli" {rPois MR+
                  | SInv} (You found it on level 4 of the Depths)
 57302 | Depths:4 | You fall into a shaft and drop 1 floor!
 57302 | Depths:5 | Entered Level 5 of the Depths
 57405 | Depths:4 | Gained mutation: You are immune to clouds of flame.
                  | [demonic ancestry]
 57405 | Depths:4 | Reached XP level 23. HP: 178/178 MP: 33/33
 57463 | Depths:4 | Found a runed translucent gate.
 57464 | Depths:4 | Found a runed translucent gate.
 57465 | Depths:4 | Found a runed translucent gate.
 57739 | Depths:4 | Noticed a caustic shrike
 57750 | Depths:4 | Noticed a caustic shrike
 57750 | Depths:4 | Noticed a caustic shrike
 57751 | Depths:4 | Noticed a caustic shrike
 57762 | Depths:4 | HP: 7/179 [caustic shrike simulacrum[a necromancer] (8)]
 57762 | Depths:4 | Mangled by a caustic shrike simulacrum

Levels and vault maps discovered:
D:1:      dpeg_arrival_fog, layout_loops_ring
D:2:      layout_basic, uniq_natasha
D:3:      layout_basic, bloody_makhleb, gammafunk_ghost_arena
D:4:      kennysheep_goblin_castle, layout_rooms
D:5:      layout_basic, minmay_temple_entry_drinking_statues, first_ration,
          serial_glass, glass_columns_a, glass_columns_b, serial_shops,
          shop_statue
D:6:      layout_basic, uniq_pikel
D:7:      layout_loops_cross, serial_shops, shop, uniq_menkaure
D:8:      layout_basic, basic_altar, serial_shops, shop, uniq_erica
D:9:      layout_big_octagon, serial_gnoll_camp, gnoll_camp_mini_shop,
          gnoll_camp_medium_02, gnoll_camp_mini_hut, gnoll_camp_mini_shop,
          grunt_livestock, nrook_guardian_serpent_ordinary
D:10:     layout_loops_corners, david_lair_generic, hiddenorc2_lemuel,
          kennysheep_generic_room_4
D:11:     layout_long_grid, gammafunk_ghost_hydra_chop, st_stairs_13
D:12:     layout_cave_pods, muffindrake_ghost_dual_entry, minmay_st_funbox,
          uniq_psyche, uniq_sonja
D:13:     layout_roguey, erik_vaults_2
D:14:     layout_long_grid, infiniplex_staircase_trident
D:15:     hangedman_depths_entry_civil_slaughter, layout_basic,
          chequers_serial_rivers_large_a, kennysheep_kite_vault, uniq_josephine
Lair:1:   layout_gridlike, nicolae_volcano_entry_vermiform, serial_bayou_shore_a
Lair:2:   layout_layer_cave, patterned_corridor, uniq_fannar
Lair:3:   layout_loops_ring, st_stairs_4, pf_torpor_hydra, lemuel_fruit_fields
Lair:4:   layout_gridlike, swamp_mist, spider_nest_entry_web_field,
          zaba_antful_of_joy, infiniplex_staircase_pool,
          minmay_lair_oklob_chamber, grunt_megastairs_3
Lair:5:   layout_misc_corridors, dpeg_slime_entry_enclosed_altar,
          gauntlet_entry_generic, minivault_27
Lair:6:   minmay_lair_end_enchanted_forest, layout_small_grid
Swamp:1:  layout_falls_marsh, evilmike_swamp_ruin_house_1, swamp_pool1,
          hangedman_swamp_blocks
Swamp:2:  layout_basic_swamp, evilmike_swamp_ruin_house_2, swamp_pool2,
          infiniplex_staircase_pool_2, uniq_aizul, uniq_nikola
Swamp:3:  layout_basic_swamp, hangedman_swamp_lotus, swamp_pool3
Swamp:4:  swamp_basic_johnstein, layout_basic_swamp
Spider:1: layout_spider_delve
Spider:2: layout_spider_delve, uniq_jorgrun
Spider:3: layout_spider_delve, uniq_agnes, uniq_asterion, uniq_roxanne
Spider:4: grunt_spider_rune_island
Orc:1:    layout_diamond_mine
Orc:2:    st_orc_open, layout_caves, nicolae_orc_rockfall, uniq_urug,
          uniq_rupert, uniq_saint_roka
Elf:1:    minmay_elf_arrival_plus, layout_onion_city, gammafunk_ghost_split,
          door_vault, uniq_azrael, uniq_louise
Elf:2:    layout_gridlike, gammafunk_ghost_tricky_traps,
          serial_sigils_hangedman_quiver
Elf:3:    minmay_elf_hall_hex, layout_loops_corners,
          portal_ice_cave_entry_pillars_2
Vaults:1: st_lattice, grunt_vaults_trifunnel, v_rooms_3, v_misc_17,
          vaults_room_hallway, v_misc_30, hangedman_vaults_cutoff,
          nicolae_vaults_circle_grid_b, nicolae_vaults_network_star, v_rooms_5,
          vaults_mumra_chevron, layout_vaults_maze_bifur, serial_shops,
          bzr_entry_gold, shop, nicolae_shop_statue_plus, shop
Vaults:2: minmay_crypt_entry_necro_gods, v_misc_26, vaults_room_stairs_pillars,
          ontoclasm_vaults_ring_square, v_rooms_5,
          ontoclasm_vaults_loading_screen, vaults_dpeg_cross,
          layout_vaults_quadrants, serial_shops, shop, mu_enter_wizlab_6
Vaults:3: vaults_standard_mumra_enter_the_diamond, hangedman_vaults_snaps,
          ontoclasm_vaults_misaligned, nicolae_vaults_asterisk,
          grunt_vaults_hallway_short, grunt_vaults_diagonal, st_smaller_cells,
          dpeg_vaults_monster_row, nicolae_vaults_little_squares_1,
          serial_ice_g, vaults_room_hallway, nicolae_vaults_triangles,
          ontoclasm_vaults_eye, vaults_room_fours, vaults_room_grid,
          layout_vaults_ring
Vaults:4: vaults_mumra_chevron_long, nicolae_vaults_ring_of_whatevers,
          vaults_room_hallway, nicolae_vaults_little_ls, v_misc_18,
          hangedman_vaults_hat, hangedman_vaults_slice, hangedman_vaults_maws,
          vaults_room_semicircle, layout_vaults_big_room
Depths:1: layout_cave_pools, rand_demon_pan_entry_8,
          chequers_serial_rivers_room_b, hell_entry,
          kennysheep_underground_church, firewood_loft
Depths:2: evilmike_diamond_1, layout_gridlike, enter_ziggurat_c, hell_entry,
          interstate_on_off, minmay_staircase_windowed_small
Depths:3: grunt_runaround [grunt_runaround_doors_1, grunt_runaround_doors_2,
          grunt_runaround_doors_3, grunt_runaround_doors_4,
          grunt_runaround_loot], serial_shops, pan_entry, hell_entry,
          abyss_entry
Depths:4: grunt_bent_corner, layout_basic, minmay_misc_feat_chi,
          gammafunk_ghost_necromancy, abyss_entry, hell_entry
Depths:5: grunt_crosshair, layout_cave_shapes, grunt_mini_vestibule,
          hangedman_abyss_entry_splay, minmay_misc_feat_nine_boxes

Skill      XL: |  1  2  3  4  5  6  7  8  9 10 11 12 13 14 15 16 17 18 19 20 21 22 |
---------------+-------------------------------------------------------------------+-----
Polearms       | 2 3 4 5 6 7 9 10 11 12 | 12.0
Throwing       | 1 2 3 4 5 6 7 8 9 11 12 13 14 15 | 15.2
Shields        | 3 4 5 6 7 8 9 10 11 12 13 | 13.8
Armour         | 3 4 5 6 7 8 9 10 11 12 13 | 13.0
Fighting       | 4 5 6 7 8 9 10 11 12 13 14 | 14.4
Invocations    | 2 5 7 8 10 11 12 | 12.0
Evocations     | 1 3 5 6 8 10 11 12 13 14 | 14.4
Dodging        | 1 4 7 9 10 11 12 13 | 13.0
Axes           | 2 6 10 14 16 | 16.7

Action                   |  1- 3 |  4- 6 |  7- 9 | 10-12 | 13-15 | 16-18 | 19-21 | 22-24 || total
-------------------------+-------+-------+-------+-------+-------+-------+-------+-------++-------
Melee: Trident           |    99 |   292 |   347 |  1193 |  2025 |   124 |       |       ||  4080
       Kick              |    15 |    46 |    90 |   267 |   621 |   547 |   743 |   293 ||  2622
       Broad axe         |       |       |       |    62 |       |  1251 |  1618 |   607 ||  3538
Throw: Boomerang         |     3 |       |       |     1 |     3 |       |       |       ||     7
       Javelin           |       |       |       |    20 |    90 |    74 |    85 |    31 ||   300
       Dart              |       |       |       |       |       |    29 |       |       ||    29
       Throwing net      |       |       |       |       |       |     2 |       |       ||     2
Invok: Lesser Servant of |       |       |       |     4 |    45 |     9 |       |       ||    58
       Greater Servant o |       |       |       |       |     1 |       |       |       ||     1
Evoke: Wand              |       |       |     8 |    12 |     5 |    68 |    15 |    12 ||   120
       Phantom mirror    |       |       |       |     1 |     1 |       |       |       ||     2
       Phial of floods   |       |       |       |       |     1 |       |     1 |       ||     2
  Use: Potion            |     1 |       |     7 |     3 |     6 |     4 |       |     7 ||    28
       Scroll            |       |    11 |     5 |     8 |    11 |    12 |    18 |     9 ||    74
 Stab: Paralysed         |       |       |     5 |       |     6 |       |     8 |     7 ||    26
       Sleeping          |       |       |     1 |       |     7 |     7 |     8 |     3 ||    26
       Held in net/web   |       |       |       |     2 |       |     1 |       |       ||     3
       Distracted        |       |       |       |       |     6 |     4 |     2 |     1 ||    13
       Confused          |       |       |       |       |       |     1 |     6 |       ||     7
  Eat: Chunk             |     2 |    10 |    11 |    25 |    29 |    25 |    27 |     7 ||   136
       Ration            |       |     1 |       |     2 |     3 |     5 |     4 |     1 ||    16
Armor: Scale mail        |    40 |    52 |       |   153 |   376 |   433 |   325 |   141 ||  1520
       Chain mail        |       |    54 |   147 |   122 |       |       |       |       ||   323
       Ring mail         |       |       |       |     8 |       |       |       |       ||     8
Dodge: Dodged            |    21 |    41 |    55 |   461 |   751 |  1015 |  1011 |   404 ||  3759
Block: Kite shield       |    37 |   106 |   139 |   507 |   749 |   814 |   955 |   367 ||  3674

Table legend:
 A = Non-vault XP
 B = Vault XP
 C = Vault XP percentage of total XP
 D = Non-vault monster count
 E = Vault monster count
 F = Vault count percentage of total count
                 A         B        C        D         E       F
            +---------+---------+-------+---------+---------+-------
      Total |  393220 |  467582 |  54.3 |    1160 |     790 |  40.5
            +---------+---------+-------+---------+---------+-------
        D:1 |      63 |       0 |   0.0 |      17 |       0 |   0.0
        D:2 |     335 |      36 |   9.7 |      36 |       1 |   2.7
        D:3 |      46 |     296 |  86.5 |      18 |       6 |  25.0
        D:4 |      67 |      51 |  43.2 |       9 |      21 |  70.0
        D:5 |     770 |       0 |   0.0 |      25 |       0 |   0.0
        D:6 |     999 |     663 |  39.9 |      30 |       1 |   3.2
        D:7 |     622 |     172 |  21.7 |      18 |       1 |   5.3
        D:8 |    2085 |     918 |  30.6 |      30 |       1 |   3.2
        D:9 |     625 |    1834 |  74.6 |      15 |      26 |  63.4
       D:10 |     865 |    1492 |  63.3 |      19 |      36 |  65.5
       D:11 |    2763 |    2863 |  50.9 |      15 |       4 |  21.1
       D:12 |    4469 |    1241 |  21.7 |      28 |       2 |   6.7
       D:13 |    5741 |    7852 |  57.8 |      33 |       8 |  19.5
       D:14 |   13454 |       0 |   0.0 |      43 |       0 |   0.0
       D:15 |   13532 |   13191 |  49.4 |      31 |      26 |  45.6
     Lair:1 |     585 |     592 |  50.3 |       5 |       1 |  16.7
     Lair:2 |    2635 |    1503 |  36.3 |      15 |       3 |  16.7
     Lair:3 |    4864 |    2308 |  32.2 |      20 |      10 |  33.3
     Lair:4 |    5814 |    9204 |  61.3 |      21 |      40 |  65.6
     Lair:5 |    9139 |       0 |   0.0 |      36 |       0 |   0.0
     Lair:6 |   13408 |    7777 |  36.7 |      48 |      44 |  47.8
    Swamp:1 |    7575 |       0 |   0.0 |      27 |       0 |   0.0
    Swamp:2 |   11407 |    5973 |  34.4 |      31 |       2 |   6.1
    Swamp:3 |   10815 |       0 |   0.0 |      20 |       0 |   0.0
    Swamp:4 |   18202 |   18583 |  50.5 |      34 |      29 |  46.0
   Spider:1 |    9210 |       0 |   0.0 |      30 |       0 |   0.0
   Spider:2 |    5538 |    5166 |  48.3 |      15 |       2 |  11.8
   Spider:3 |   18533 |    1908 |   9.3 |      50 |       1 |   2.0
   Spider:4 |    6735 |   24453 |  78.4 |      23 |      42 |  64.6
      Orc:1 |    4288 |    4640 |  52.0 |      37 |      12 |  24.5
      Orc:2 |    5941 |   19000 |  76.2 |      41 |      43 |  51.2
      Elf:1 |   14761 |    4025 |  21.4 |      30 |      10 |  25.0
      Elf:2 |   17363 |     913 |   5.0 |      28 |       1 |   3.4
      Elf:3 |   17289 |   47234 |  73.2 |      33 |      32 |  49.2
   Vaults:1 |   34270 |   21716 |  38.8 |      54 |      43 |  44.3
   Vaults:2 |   25662 |    3604 |  12.3 |      37 |       5 |  11.9
   Vaults:3 |   14678 |   35309 |  70.6 |      29 |      36 |  55.4
   Vaults:4 |   19625 |   24146 |  55.2 |      39 |      29 |  42.6
   Depths:1 |   28705 |    7716 |  21.2 |      44 |      11 |  20.0
   Depths:2 |   16804 |   36335 |  68.4 |      22 |      26 |  54.2
   Depths:3 |    1394 |  111865 |  98.8 |       5 |     115 |  95.8
   Depths:4 |   21544 |    9274 |  30.1 |      19 |      11 |  36.7
      IceCv |       0 |    9713 | 100.0 |       0 |      51 | 100.0
    Volcano |       0 |    1169 | 100.0 |       0 |       5 | 100.0
     WizLab |       0 |   19971 | 100.0 |       0 |      38 | 100.0
   Gauntlet |       0 |    2876 | 100.0 |       0 |      15 | 100.0
            +---------+---------+-------+---------+---------+-------

Action                   |  1- 3 |  4- 6 |  7- 9 | 10-12 | 13-15 | 16-18 | 19-21 | 22-24 || total
-------------------------+-------+-------+-------+-------+-------+-------+-------+-------++-------
Melee: Trident           |    99 |   292 |   347 |  1193 |  2025 |   124 |       |       ||  4080
       Kick              |    15 |    46 |    90 |   267 |   621 |   547 |   743 |   293 ||  2622
       Broad axe         |       |       |       |    62 |       |  1251 |  1618 |   607 ||  3538
Throw: Boomerang         |     3 |       |       |     1 |     3 |       |       |       ||     7
       Javelin           |       |       |       |    20 |    90 |    74 |    85 |    31 ||   300
       Dart              |       |       |       |       |       |    29 |       |       ||    29
       Throwing net      |       |       |       |       |       |     2 |       |       ||     2
Invok: Lesser Servant of |       |       |       |     4 |    45 |     9 |       |       ||    58
       Greater Servant o |       |       |       |       |     1 |       |       |       ||     1
Evoke: Wand              |       |       |     8 |    12 |     5 |    68 |    15 |    12 ||   120
       Phantom mirror    |       |       |       |     1 |     1 |       |       |       ||     2
       Phial of floods   |       |       |       |       |     1 |       |     1 |       ||     2
  Use: Potion            |     1 |       |     7 |     3 |     6 |     4 |       |     7 ||    28
       Scroll            |       |    11 |     5 |     8 |    11 |    12 |    18 |     9 ||    74
 Stab: Paralysed         |       |       |     5 |       |     6 |       |     8 |     7 ||    26
       Sleeping          |       |       |     1 |       |     7 |     7 |     8 |     3 ||    26
       Held in net/web   |       |       |       |     2 |       |     1 |       |       ||     3
       Distracted        |       |       |       |       |     6 |     4 |     2 |     1 ||    13
       Confused          |       |       |       |       |       |     1 |     6 |       ||     7
  Eat: Chunk             |     2 |    10 |    11 |    25 |    29 |    25 |    27 |     7 ||   136
       Ration            |       |     1 |       |     2 |     3 |     5 |     4 |     1 ||    16
Armor: Scale mail        |    40 |    52 |       |   153 |   376 |   433 |   325 |   141 ||  1520
       Chain mail        |       |    54 |   147 |   122 |       |       |       |       ||   323
       Ring mail         |       |       |       |     8 |       |       |       |       ||     8
Dodge: Dodged            |    21 |    41 |    55 |   461 |   751 |  1015 |  1011 |   404 ||  3759
Block: Kite shield       |    37 |   106 |   139 |   507 |   749 |   814 |   955 |   367 ||  3674
